 Dungeon Crawl Stone Soup version 0.27.1-2-g3b301248ec (webtiles) character file.

Game seed: 2412019748272575497

7562 pkoi the Carver (level 10, -8/83 HPs)
             Began as a Minotaur Gladiator on Sept 29, 2021.
             Was an Elder of Okawaru.
             Mangled by a freezing wraith (18 damage)
             ... on level 10 of the Dungeon.
             The game lasted 00:15:59 (14074 turns).

pkoi the Carver (Minotaur Gladiator)               Turns: 14074, Time: 00:15:59

Health: -8/83      AC: 16    Str: 22    XL:     10   Next: 96%
Magic:  0/13       EV: 11    Int:  5    God:    Okawaru [****..]
Gold:   494        SH:  0    Dex: 12    Spells: 9/9 levels left

rFire    . . .     SeeInvis +   a - +1 great sword (drain)
rCold    . . .     Faith    .   (shield currently unavailable)
rNeg     . . .     Spirit   +   E - +0 plate armour
rPois    .         Reflect  .   c - +1 hat
rElec    .         Harm     .   (no cloak)
rCorr    .         Rampage  .   (no gloves)
Will     .....                  (no boots)
Stlth    ..........             l - amulet of guardian spirit
HPRegen  0.23/turn              o - ring of see invisible
MPRegen  0.13/turn              B - +4 ring of slaying

@: heroic, slowed, very slow
A: horns 2, retaliatory headbutt
a: Renounce Religion, Heroism


You were on level 10 of the Dungeon.
You worshipped Okawaru.
Okawaru was greatly pleased with you.
You visited 2 branches of the dungeon, and saw 12 of its levels.

You collected 494 gold pieces.

Inventory:

Hand Weapons
 a - a +1 great sword of draining (weapon)
 b - a +0 longbow
 k - a +0 long sword
 u - a +0 vorpal scimitar
 C - a +0 scimitar of flaming
Missiles
 d - 6 throwing nets (quivered)
 q - 8 javelins
 w - 94 arrows
Armour
 c - a +1 hat (worn)
 i - the +4 ring mail "Oseiget" {rElec rC+}
   (You found it on level 4 of the Dungeon)

   rC:        It protects you from cold.
   rElec:     It insulates you from electricity.
 m - a +0 leather armour
 E - a +0 plate armour (worn)
Jewellery
 h - a ring of ice
 l - an amulet of guardian spirit (around neck)
 o - a ring of see invisible (left hand)
 t - a ring of magical power
 x - an amulet of faith
 B - a +4 ring of slaying (right hand)
 H - a ring of wizardry
Wands
 e - a wand of acid (27)
 v - a wand of flame (47)
 A - a wand of charming (6)
 F - a wand of mindburst (14)
 I - a wand of polymorph (7)
Scrolls
 g - 5 scrolls of identify
 j - 2 scrolls of fear
 p - 2 scrolls of magic mapping
 y - 2 scrolls of enchant armour
 z - 2 scrolls of enchant weapon
Potions
 f - 3 potions of curing
 n - a potion of heal wounds
 r - 2 potions of haste
 s - a potion of cancellation
 G - a potion of might
Miscellaneous
 D - a box of beasts


   Skills:
 - Level 5.8(10.8) Fighting
 * Level 12.9(17.9) Long Blades
 + Level 6.1(11.1) Bows
 - Level 2.0(7.0) Throwing
 + Level 7.1(12.1) Armour
 + Level 7.3(12.3) Dodging
 + Level 5.7 Invocations
 + Level 2.6 Evocations


You had 9 spell levels left.
You didn't know any spells.
Your spell library contained the following spells:

 Spells                   Type           Power      Damage    Failure   Level
 Animate Skeleton         Necr           0%         N/A       99%         1
 Beastly Appendage        Tmut           0%         N/A       99%         1
 Pain                     Necr           0%         1d4       99%         1
 Wereblood                Tmut           0%         N/A       100%        2
 Dazzling Flash           Conj/Hex       0%         N/A       100%        3
 Spider Form              Tmut/Pois      0%         N/A       100%        3
 Vampiric Draining        Necr           0%         2d6       100%        3
 Cause Fear               Hex            0%         N/A       100%        4
 Summon Lightning Spire   Summ/Air       0%         N/A       100%        4
 Agony                    Necr           0%         N/A       100%        5
 Silence                  Hex/Air        0%         N/A       100%        5
 Dragon Form              Tmut           0%         N/A       100%        7
 Storm Form               Tmut/Air       0%         N/A       100%        7
 Maxwell's Capacitive Co  Air            0%         ∞         100%        8
 Dragon's Call            Summ           0%         N/A       100%        9


Dungeon Overview and Level Annotations

Branches:
Dungeon (11/15)            Temple (1/1) D:4
   Lair: D:8-11         Orc: D:9-12

Altars:
Ashenzari
Cheibriados
Dithmenos
Elyvilon
Fedhas
Gozag
Hepliaklqana
Kikubaaqudgha
Makhleb
Nemelex Xobeh
Okawaru
Qazlal
Ru
Sif Muna
Trog
Uskayaw
Vehumet
Wu Jian
Xom
Yredelemnul
Zin
The Shining One


Innate Abilities, Weirdness & Mutations

You have a pair of horns on your head.
You reflexively headbutt those who attack you in melee.


Message History

You gain the combat prowess of a mighty hero.
The deep elf pyromancer closely misses you.
You furiously retaliate!
You headbutt the deep elf pyromancer! The fire elemental barely misses you.
You riposte.
You slash the fire elemental!
You headbutt the fire elemental, but do no damage.
The fire elemental is heavily damaged.
The freezing wraith hits you. The freezing wraith freezes you!!
The freezing wraith closely misses you.
The deep elf pyromancer hits you with a +0 long sword.
* * * LOW HITPOINT WARNING * * *
The fire elemental barely misses you.
You riposte.
You slash the fire elemental!
The fire elemental is severely damaged.
Unknown command.
Unknown command.
You barely miss the deep elf pyromancer.
You headbutt the deep elf pyromancer.
You kill the deep elf pyromancer!
Okawaru is honoured by your kill.
The fire elemental disappears in a puff of smoke!
The freezing wraith hits you but does no damage.
The freezing wraith closely misses you.
You hit the freezing wraith. You headbutt the freezing wraith.
The freezing wraith is moderately damaged.
The freezing wraith hits you.
* * * LOW HITPOINT WARNING * * *
The freezing wraith freezes you!
* * * LOW HITPOINT WARNING * * *
The freezing wraith barely misses you. x2; You furiously retaliate!
You headbutt the freezing wraith. The freezing wraith hits you!
* * * LOW HITPOINT WARNING * * *
The freezing wraith drains your vigour!
You feel as though you will be slow longer.
You slash the freezing wraith!
The freezing wraith is heavily damaged.
The freezing wraith hits you.
* * * LOW HITPOINT WARNING * * *
The freezing wraith freezes you!!
You die...

.#
#[...#####.#[......##..##...
.# #....#
#.[[......###..#... .#
#....# ###.......# ##.#...
.# #....# #.......# #.'...
## #....# #.......# ###... #
#....# ######'## ##'# #
##..## #.....# #.# # ####.##
###.######## #.# ### #.....#
#@).(......# #.# ..###.....#
#§W......."# #.#
⌠..##.....### #..........#
#.#
....#.....'.####..........#
#.#
..⌠.....[.#...............#
#.#
...[......######..........#
#.# ..⌠.......# #..........#
#.# ....#.....# #<.........#
#.# ⌠..#####'## ############
#.#


You could see a freezing wraith.

Vanquished Creatures
  Fannar (D:10)
  A two-headed ogre (D:9)
  A deep elf pyromancer (D:10)
  Pikel (D:3)
  A gargoyle (D:10)
  An efreet (D:10)
  Grinder (D:6)
  A steam dragon (D:9)
  3 vampire mosquitoes (D:5)
  Eustachio (D:6)
  2 water moccasins
  3 orc warriors
  A sky beast (D:8)
  A hornet zombie (D:8)
  3 ice beasts
  A black bear (D:6)
  2 necrophages
  3 centaurs
  2 ogres
  A kobold brigand (D:6)
  2 gnoll sergeants (D:8)
  A bullfrog (D:8)
  A scorpion (D:4)
  6 killer bees (D:8)
  13 wights
  2 howler monkeys (D:4)
  A centaur zombie (D:8)
  4 hounds
  2 jellies
  5 orc priests
  A gnoll shaman (D:7)
  3 iguanas
  6 orc wizards
  A howler monkey zombie (D:9)
  22 gnolls
  7 adders
  A river rat (D:5)
  A shadow imp (D:7)
  5 white imps
  2 ufetubi
  A worm (D:5)
  A dart slug (D:4)
  26 orcs
  8 ball pythons
  A bat (D:1)
  10 endoplasms
  2 giant cockroaches
  7 goblins
  9 hobgoblins
  4 jackals
  11 kobolds
  4 quokkas
  3 frilled lizards
  12 rats
216 creatures vanquished.

Vanquished Creatures (others)
  A hydra (D:10)
  7 plants (D:3)
8 creatures vanquished.

Grand Total: 224 creatures vanquished

Notes
Turn   | Place    | Note
-------+----------+-------------------------------------------
     0 | D:1      | pkoi the Minotaur Gladiator began the quest for the Orb.
     0 | D:1      | Reached XP level 1. HP: 18/18 MP: 0/0
   100 | D:1      | Reached skill level 4 in Long Blades
   103 | D:1      | Reached XP level 2. HP: 25/25 MP: 1/1
   712 | D:1      | Reached XP level 3. HP: 29/31 MP: 2/2
  1061 | D:2      | Reached skill level 5 in Long Blades
  1205 | D:2      | Reached XP level 4. HP: 38/38 MP: 3/3
  1232 | D:2      | Found a faded altar of an unknown god.
  2050 | D:3      | Found a blossoming altar of Fedhas.
  2461 | D:3      | Reached skill level 6 in Long Blades
  2666 | D:2      | Reached XP level 5. HP: 13/46 MP: 4/4
  2920 | D:4      | Noticed an ogre
  2923 | D:4      | Killed an ogre
  2928 | D:4      | Noticed Pikel
  2928 | D:4      | Noticed a lemure
  2928 | D:4      | Noticed a lemure
  2928 | D:4      | Noticed a lemure
  2943 | D:3      | Killed Pikel
  2944 | D:3      | Reached skill level 5 in Fighting
  2944 | D:3      | Reached skill level 8 in Long Blades
  2944 | D:3      | Reached XP level 6. HP: 22/57 MP: 5/5
  2944 | D:3      | Reached XP level 7. HP: 24/62 MP: 6/6
  3164 | D:4      | Found a staircase to the Ecumenical Temple.
  3168 | D:4      | Reached skill level 1 in Armour
  3186 | Temple   | Entered the Ecumenical Temple
  3430 | Temple   | Became a worshipper of Warmaster Okawaru
  3768 | D:4      | Reached skill level 9 in Long Blades
  3970 | D:4      | Identified the +4 ring mail "Oseiget" {rElec rC+}
  4427 | D:3      | Found a sacrificial altar of Ru.
  4499 | D:3      | Reached skill level 1 in Invocations
  4988 | D:5      | Entered Level 5 of the Dungeon
  5025 | D:5      | Reached skill level 1 in Bows
  5088 | D:4      | Reached XP level 8. HP: 63/70 MP: 8/8
  5214 | D:5      | Reached * piety under Okawaru
  5597 | D:5      | Reached skill level 10 in Long Blades
  5739 | D:5      | Reached ** piety under Okawaru
  5750 | D:5      | Reached skill level 5 in Dodging
  5902 | D:5      | Reached XP level 9. HP: 73/75 MP: 10/10
  6136 | D:5      | Found a glowing silver altar of Zin.
  6413 | D:6      | Noticed Eustachio
  6425 | D:6      | Killed Eustachio
  6592 | D:6      | Noticed Grinder
  6600 | D:6      | Killed Grinder
  6601 | D:6      | Reached skill level 11 in Long Blades
  7181 | D:7      | Found a hazy altar of Hepliaklqana.
  7239 | D:7      | Reached *** piety under Okawaru
  7240 | D:7      | Reached skill level 5 in Armour
  8532 | D:8      | Reached XP level 10. HP: 53/81 MP: 12/12
  8987 | D:8      | Found a shimmering blue altar of Sif Muna.
  8996 | D:8      | Found a shimmering altar of Xom.
  9067 | D:8      | Reached skill level 12 in Long Blades
  9174 | D:8      | Reached skill level 5 in Bows
 10039 | D:9      | Reached skill level 5 in Invocations
 10323 | D:9      | Found a sparkling altar of Nemelex Xobeh.
 10323 | D:9      | Found a snail-covered altar of Cheibriados.
 10454 | D:9      | Found an opulent altar of Gozag.
 10455 | D:9      | Found an ancient bone altar of Kikubaaqudgha.
 10456 | D:9      | Found a radiant altar of Vehumet.
 10460 | D:9      | Found a glowing golden altar of the Shining One.
 10506 | D:10     | Entered Level 10 of the Dungeon
 10506 | D:10     | Noticed a two-headed ogre
 10506 | D:10     | Noticed a gargoyle
 10533 | D:9      | HP: 2/83 [two-headed ogre (11)]
 10535 | D:9      | Killed a two-headed ogre
 10536 | D:9      | Reached skill level 1 in Evocations
 10893 | D:10     | Killed a gargoyle
 10893 | D:10     | Reached **** piety under Okawaru
 10893 | D:10     | Received a gift from Okawaru
 11104 | D:10     | Noticed Fannar
 11114 | D:10     | Killed Fannar
 11709 | D:11     | Noticed a manticore
 11709 | D:11     | Noticed a boulder beetle
 11709 | D:11     | Noticed a deep elf pyromancer
 11709 | D:11     | Noticed an ogre mage
 11709 | D:11     | Noticed a cyclops
 11711 | D:11     | Noticed a four-headed hydra
 11727 | D:10     | Killed a four-headed hydra
 14072 | D:10     | Killed a deep elf pyromancer
 14074 | D:10     | Mangled by a freezing wraith

Illustrated notes

Levels and vault maps discovered:
D:1:      erik_arrival_cave_to_civilisation [erik_arrival_cave_to_hall],
          layout_basic
D:2:      layout_loops_ring, shapermc_ecumenical_altar_totnotflames
D:3:      layout_basic, mainiacjoe_overflow_boulevard, nicolae_ru_path_of_blood,
          minmay_hedge_maze, palyth_stone_intersect
D:4:      layout_loops_cross, minmay_temple_entry_junction, minmay_fountain_box,
          uniq_pikel
D:5:      layout_gridville, zin_scriptorium, gup_sewer_entry_spiral
D:6:      layout_basic, uniq_eustachio, uniq_grinder
D:7:      layout_loops_ring, overflow_temple_1_default
D:8:      layout_loops_ring, mainiacjoe_overflow_large_starburst
D:9:      layout_rooms, minitemple, gammafunk_temple_overflow_statue
D:10:     layout_roguey, grunt_ministairs_9, uniq_fannar
D:11:     minmay_ambush_box, layout_loops_ring, lair_entry_dummy, orc_0_dummy,
          uniq_snorg
Temple:   jpeg_temple_alley_garden

Skill      XL: |  1  2  3  4  5  6  7  8  9 10 |
---------------+-------------------------------+-----
Long Blades    | 4 5 6 8 9 10 11 12 | 12.9
Fighting       | 3 4 5 |  5.8
Armour         | 2 4 5 7 |  7.1
Invocations    | 1 3 4 5 |  5.7
Dodging        | 4 5 6 7 |  7.3
Bows           | 1 3 4 6 |  6.1
Evocations     | 2 |  2.6
Throwing       | |  2.0

Action                   |  1- 3 |  4- 6 |  7- 9 | 10-12 || total
-------------------------+-------+-------+-------+-------++-------
Melee: Long sword        |    44 |       |       |       ||    44
       Headbutt          |     5 |     7 |    30 |    21 ||    63
       Scimitar          |     6 |    53 |   136 |       ||   195
       Great sword       |       |       |    95 |    85 ||   180
 Fire: Longbow           |       |       |       |    19 ||    19
Invok: Heroism           |       |       |       |     5 ||     5
  Use: Scroll            |       |       |    13 |     3 ||    16
       Potion            |       |       |     2 |     5 ||     7
Armor: Leather armour    |     6 |     7 |     8 |       ||    21
       Ring mail         |       |       |    76 |    12 ||    88
       Plate armour      |       |       |       |    25 ||    25
Dodge: Dodged            |    33 |    28 |   162 |    65 ||   288
       Rpst.: Long sword |     6 |       |       |       ||     6
       Scimitar          |       |     4 |    23 |       ||    27
       Great sword       |       |       |    15 |    17 ||    32
